 Dungeon Crawl Stone Soup version 0.20.0-15-g7f486f2 (webtiles) character file.

35 zhorgal the Grave Robber (level 3, 0/24 HPs)
             Began as a Vine Stalker Necromancer on June 10, 2017.
             Succumbed to an adder's poison
             ... on level 2 of the Dungeon.
             The game lasted 00:04:56 (1617 turns).

zhorgal the Grave Robber (Vine Stalker Necromancer) Turns: 1617, Time: 00:04:57

Health: 0/24       AC:  2    Str: 15    XL:     3   Next: 35%
Magic:  0/7        EV: 12    Int: 16    God:
Gold:   57         SH:  0    Dex: 14    Spells: 4/6 levels left

rFire    . . .     SeeInvis .   e - +0 mace
rCold    . . .     Gourm    .   (no shield)
rNeg     . . .     Faith    .   a - +0 robe
rPois    .         Spirit   +   (no helmet)
rElec    .         Reflect  .   (no cloak)
rCorr    .         Harm     .   (no gloves)
MR       .....                  (no boots)
Stlth    ..........             (no amulet)
Regen    0.1/turn               (no ring)
MPRegen  0.1/turn               (no ring)

@: berserking, lethally poisoned (0 -> -5), very quick
A: fangs 2, magic shield, antimagic bite, no potion heal 3, rot immunity
a: no special abilities


You were on level 2 of the Dungeon.
You were not hungry.

You visited 1 branch of the dungeon, and saw 2 of its levels.

You collected 57 gold pieces.

Inventory:

Hand Weapons
 e - a +0 mace (weapon)
 o - a +0 hand axe
Armour
 a - a +0 robe (worn)
Jewellery
 d - an uncursed ring of protection from magic {unknown}
Scrolls
 h - a scroll of remove curse {unknown}
 j - a scroll of amnesia {unknown}
 n - a scroll of random uselessness {unknown}
 p - 2 scrolls of recharging {unknown}
 q - a scroll of enchant armour {unknown}
Potions
 i - a potion of flight {unknown}
 k - a potion of might {unknown}
 m - a potion of cancellation {unknown}
Books
 b - a book of Necromancy

   Spells                             Type                      Level
   a - Pain                           Necromancy                   1
   b - Animate Skeleton               Necromancy                   1
   c - Vampiric Draining              Necromancy                   3
   d - Regeneration                   Charms/Necromancy            3
   e - Animate Dead                   Necromancy                   4
   f - Control Undead                 Necromancy                   4
Comestibles
 c - a bread ration
 g - a royal jelly
 l - 3 fruits


   Skills:
 - Level 1.5 Dodging
 - Level 2.4 Stealth
 - Level 2.1 Spellcasting
 + Level 5.1 Necromancy


You had 4 spell levels left.
You knew the following spells:

 Your Spells              Type           Power        Failure   Level  Hunger
a - Pain                  Necr           ###.         2%          1    #......
b - Animate Skeleton      Necr           N/A          2%          1    #......


Dungeon Overview and Level Annotations

Branches:
Dungeon (2/15)

Altars:


Innate Abilities, Weirdness & Mutations

You have extremely sharp teeth.
When hurt, damage is shared between your health and your magic reserves.
Your bite disrupts and absorbs the magic of your enemies.
Potions cannot restore your health.
You are immune to rotting.


Message History

Casting: Pain
Confirm with . or Enter, or press ? or * to list all spells.
Aiming: Pain
Press: ? - help, Shift-Dir - straight line, f/p - adder
Aim: an adder (severely wounded, chance to defeat MR: 82%)
The adder barely resists.
The adder barely misses you. x2
Casting: Pain
Confirm with . or Enter, or press ? or * to list all spells.
You don't have enough magic to cast that spell.
You hit the adder.
You kill the adder!
Your Necromancy skill increases to level 5!
* * * LOW HITPOINT WARNING * * *
You feel sick.
It was a potion of berserk rage.
A red film seems to cover your vision as you go berserk!
You feel yourself moving faster!
You feel mighty! The kobold barely misses you.
You sock the kobold!
You kill the kobold!
You die...

#.......#..#
#..........#
#.......#.##
######.##.#
#.##.# #.##.#
#.##.# #.##.#
#..#@#####.#
#..#†#.....#
### #.$.w..#
....#......#
...........##
............#
.......$....#
......<......#
....>....?...#


You could see a worm.

Vanquished Creatures
  An adder (D:2)
  A dart slug (D:1)
  A leopard gecko (D:1)
  5 bats
  3 goblins (D:1)
  2 hobgoblins (D:1)
  3 kobolds
  3 frilled lizards (D:1)
  5 rats (D:1)
24 creatures vanquished.

Notes
Turn   | Place    | Note
-------+----------+-------------------------------------------
     0 | D:1      | zhorgal the Vine Stalker Necromancer began the quest for the Orb.
     0 | D:1      | Reached XP level 1. HP: 9/9 MP: 4/4
    30 | D:1      | Learned a level 1 spell: Animate Skeleton
   401 | D:1      | Reached XP level 2. HP: 11/13 MP: 3/6
  1534 | D:2      | Reached XP level 3. HP: 16/16 MP: 5/7
  1615 | D:2      | Reached skill level 5 in Necromancy
  1617 | D:2      | Succumbed to an adder's poison

Skill      XL: |  1  2  3 |
---------------+----------+-----
Necromancy     | 5 |  5.1
Dodging        | |  1.5
Stealth        | |  2.4
Spellcasting   | |  2.1

Action                   || total
-------------------------++-------
Melee: Mace              ||    13
       Bite              ||     3
 Cast: Pain              ||    32
       Animate Skeleton  ||     5
  Use: Potion            ||     1
  Eat: Chunk             ||     3
Armor: Robe              ||     4
Dodge: Dodged            ||    12
